 Dungeon Crawl Stone Soup version 0.30-a0-292-g0f741e3f8e (webtiles) character file.

Game seed: 17351123952978785285

112 themarg the Trooper (level 4, -3/37 (42) HPs)
             Began as a Hill Orc Monk on Oct 18, 2022.
             Was a Believer of Beogh.
             Slain by a hell rat (12 damage)
             ... in a sewer.
             The game lasted 00:06:01 (2252 turns).

themarg the Trooper (Hill Orc Monk)                 Turns: 2252, Time: 00:06:01

HP:   -3/37 (42)    AC:  9    Str: 15    XL:     4   Next: 95%
MP:   1/4           EV:  7    Int: 10    God:    Beogh [**....]
Gold: 141           SH:  0    Dex: 19    Spells: 3/3 levels left

rFire   . . .      SeeInvis .    a - +0 hand axe
rCold   . . .      Faith    .    (no shield)
rNeg    . . .      Spirit   .    c - +0 chain mail
rPois   .          Reflect  .    (no helmet)
rElec   .          Harm     .    d - +0 cloak
rCorr   .          Rampage  .    (no gloves)
Will    .....                    (no boots)
Stlth   ..........               (no amulet)
HPRegen 0.26/turn                e - +6 ring of dexterity
MPRegen 0.09/turn                (no ring)

@: heavily drained
A: no striking features
a: Renounce Religion, Smiting


You were in a sewer.
You worshipped Beogh.
Beogh was pleased with you.
You visited 1 branch of the dungeon, and saw 3 of its levels.
You also visited: Sewer.

You collected 141 gold pieces.

Inventory:

Hand Weapons
 a - a +0 hand axe (weapon)
Missiles
 f - 17 stones (quivered)
Armour
 c - a +0 chain mail (worn)
 d - a +0 cloak (worn)
 m - a +0 kite shield
Jewellery
 e - a +6 ring of dexterity (left hand)
Scrolls
 g - a scroll of vulnerability {unknown}
 i - a scroll of fear {unknown}
 j - a scroll of identify {unknown}
 l - a scroll of butterflies {unknown}
 n - a scroll of amnesia {unknown}
Potions
 b - a potion of mutation {unknown}
 h - 2 potions of lignification {unknown}
 k - 2 potions of heal wounds {unknown}
 o - a potion of curing {unknown}
 p - a potion of degeneration {unknown}
 q - a potion of flight {unknown}


   Skills:
 * Level 5.4 Fighting
 - Level 4.0 Axes
 - Level 3.0 Dodging
 + Level 2.5 Stealth


You had 3 spell levels left.
You didn't know any spells.
Your spell library was empty.

Dungeon Overview and Level Annotations

Branches:
Dungeon (3/15)              Sewer (1/1)

Altars:


Message History

You enter the shallow water.
Moving in this stuff is going to be slow.
You open the door.
A hell rat comes into view.
The hell rat roars deafeningly!
Found four items.
Found a gate leading back out of this place.
Found a dark potion, a scroll labelled EPEGOTRINGA and a yellow potion.
There is an open door here.
You hit the hell rat.
The hell rat is lightly wounded.
The hell rat closely misses you.
You hit the hell rat but do no damage.
The hell rat is lightly wounded.
The hell rat splashes around in the water.
The hell rat bites you but does no damage.
You barely miss the hell rat.
The hell rat is lightly wounded.
The hell rat bites you!
You feel drained.
Aiming: Smiting
Press: ? - help, Dir - move target, f - hell rat Smite: a hell rat (lightly wounded)
You smite the hell rat!
The hell rat is severely wounded.
The hell rat bites you!
You feel drained.
Okay, then.
You hit the hell rat.
The hell rat is almost dead.
The hell rat closely misses you.
You completely miss the hell rat.
The hell rat is almost dead.
The hell rat bites you.
* * * LOW HITPOINT WARNING * * *
You feel drained.
* * * LOW HITPOINT WARNING * * *
The hell rat bites you but does no damage.
You hit the hell rat.
The hell rat is almost dead.
The hell rat bites you!
You die...

#########
###~~..~..###
###~.~~~.....~###
#.~†~.##@##~~~.~#
##~.~###~r.###..~##
#~~~##~~~~~~~##~.~#
#~~†#~.~~~~~~.#.~~#
#~..##~!!!!?.##~..#
##.~.###?∩!###...##
#~~~.~#####~~~~.#
###.~.~~∩~.~.~###
###.~†∩~.~##


You could see a hell rat.

Vanquished Creatures
  5 adders
  A river rat (Sewer)
  3 worms
  A dart slug (D:2)
  4 ball pythons
  8 bats
  3 endoplasms (D:2)
  2 giant cockroaches
  A hobgoblin (D:1)
  2 quokkas
  A frilled lizard (D:2)
  7 goblins
  4 kobolds
  8 rats
50 creatures vanquished.

Vanquished Creatures (others)
  A ball python (D:3)
1 creature vanquished.

Grand Total: 51 creatures vanquished

Notes
Turn   | Place    | Note
-------+----------+-------------------------------------------
     0 | D:1      | themarg the Hill Orc Monk began the quest for the Orb.
     0 | D:1      | Reached XP level 1. HP: 19/19 MP: 1/1
   333 | D:1      | Reached skill level 4 in Fighting
   333 | D:1      | Reached XP level 2. HP: 27/27 MP: 2/2
   943 | D:2      | Reached XP level 3. HP: 21/34 MP: 3/3
  1258 | D:2      | Reached XP level 4. HP: 23/41 MP: 4/4
  1479 | D:2      | Reached skill level 5 in Fighting
  2096 | D:3      | Found a glowing drain.
  2108 | D:3      | Became a worshipper of Beogh the Brigand
  2108 | D:3      | Reached * piety under Beogh
  2108 | D:3      | Reached ** piety under Beogh
  2127 | Sewer    | Entered a sewer
  2252 | Sewer    | Slain by a hell rat

Illustrated notes

Levels and vault maps discovered:
D:1:      dpeg_arrival_leaves_temple_mockup, layout_loops_ring, st_stairs_7
D:2:      minmay_inner_zag, layout_basic, kennysheep_potato
D:3:      cheibrodos_helix_gallery, layout_loops_ring,
          nzn_overflow_gifts_of_might_and_magic, cheibrodos_sewer_entry_drain,
          biasface_ghost_orc_armoury, feat_on_display
Sewer:    sewer_hellmonk_bad_rat

Skill      XL: |  1  2  3  4 |
---------------+-------------+-----
Fighting       | 4 5 |  5.4
Stealth        | 2 |  2.5
Dodging        | 3 |  3.0
Axes           | |  4.0

Action                   |  1- 3 |  4- 6 || total
-------------------------+-------+-------++-------
Melee: Hand axe          |   125 |    73 ||   198
       Punch             |     1 |     2 ||     3
Invok: Smiting           |       |     1 ||     1
       Convert to Beogh  |       |     1 ||     1
  Use: Potion            |     1 |     1 ||     2
 Stab: Sleeping          |     6 |       ||     6
Armor: Robe              |    14 |       ||    14
       Ring mail         |    26 |     7 ||    33
       Chain mail        |       |    28 ||    28
       Scale mail        |       |     2 ||     2
Dodge: Dodged            |    79 |    29 ||   108

Table legend: (Time is in decaauts)
 A = Elapsed time spent in this place.
 B = Non-inter-level travel time spent in this place.
 C = Inter-level travel time spent in this place.
 D = Time resting spent in this place.
 E = Time spent auto-exploring this place.
 F = Levels seen in this place.
 G = Mean time per level.
                   A        B        C        D        E       F      G
               +--------+--------+--------+--------+--------+-----+--------+
         Total |   2284 |   2206 |     78 |     95 |   1582 |   4 |  571.0 |
       Dungeon |   2143 |   2065 |     78 |     69 |   1565 |   3 |  714.3 |
         Sewer |    140 |    140 |      0 |     26 |     17 |   1 |  140.0 |
               +--------+--------+--------+--------+--------+-----+--------+

Top non-repeatable levels by time:
     D:2: 1339 daAuts
     D:1: 770 daAuts
   Sewer: 140 daAuts
     D:3: 34 daAuts
